[Event "*** MasterClass Titled Tuesday Blitz"]
[Site "Chess.com"]
[Date "2017.12.05"]
[Round "10"]
[White "fardinkhan46"]
[Black "chesstrophy1"]
[Result "0-1"]
[WhiteElo "1445"]
[BlackElo "1516"]
[TimeControl "180+2"]
[EndTime "16:27:01 PST"]
[Termination "chesstrophy1 won by checkmate"]

1. e4 e5 2. Nc3 Nf6 3. Nf3 Nc6 4.
Bc4 Bc5 5. O-O O-O 6. d3 d6 7. Re1 h6 8. Be3 Bb6 9. Bxb6 axb6 10. Nd5 Nxd5 11. Bxd5 Bg4 12. h3 Bh5 13. g4 Bg6 14. Bxc6 bxc6 15. h4 Qd7 16. g5 Bh5 17. Re3 Qg4+ 18.
Kf1 Qh3+ 19. Ke1 Qh1+ 20. Kd2 Qh3 21. gxh6 gxh6 22. Qg1+ Kh7 23. Ng5+ hxg5 24. Rxh3 Rg8 25. hxg5 Kg6 26. Qh1 Rh8 27. Rg1 d5 28. exd5 cxd5 29. Ke3 Rxa2 30. f4 Rxb2 31. fxe5 Rxc2 32. Rf1 b5 33.
Rf6+ Kxg5 34. Rg3+ Bg4 35. Qxh8 Re2+ 36. Kd4 b4 37. Qg7+ Kh4 38. Rh6+ Kxg3 39. Rh1 Kf2 40. Rg1 Bf3 41. Qg4 Bxg4 42. Rxg4 b3 43. Kxd5 b2 44.
Rb4 Ke3 45. e6 fxe6+ 46. Kxe6 Kxd3+ 47. Kd7 c5 48. Rb3+ Kc2 49. Rb8 b1=Q 50. Rxb1 Kxb1 51. Kd6 c4 52. Kd5 c3 53. Kd4 c2 54. Kd3 Rh2 55. Kc3 c1=Q+ 56. Kb3 Qe3+ 57. Kc4 Rh4+ 58. Kb5 Qg5+ 59.
Kc6 Rh6+ 60. Kb7 Qg7+ 61. Kc8 Rh8# 0-1

[Event "*** MasterClass Titled Tuesday Blitz"]
[Site "Chess.com"]
[Date "2017.12.05"]
[Round "10"]
[White "TheBigBoss04"]
[Black "visa"]
[Result "1-0"]
[WhiteElo "2484"]
[BlackElo "2182"]
[TimeControl "180+2"]
[EndTime "16:27:08 PST"]
[Termination "TheBigBoss04 won by checkmate"]

1. d4 g6 2. c4 Bg7 3. e4 c5 4.
d5 d6 5. Nc3 Nf6 6. h3 O-O 7.
Nf3 e6 8. Bd3 exd5 9. cxd5 a6 10.
a4 Nbd7 11. O-O Qe7 12. Bf4 Ne8 13. Qd2 Nc7 14. a5 Ne5 15. Nxe5 Bxe5 16. Be3 Rb8 17.
f4 Bg7 18. e5 dxe5 19. Ne4 Nxd5 20. Bxc5 Qd8 21. Bxf8 Qxf8 22. fxe5 Bxe5 23. Bc4 Nb4 24. Rxf7 Qxf7 25. Bxf7+ Kxf7 26. Qxb4 Bf5 27. Nd6+ Bxd6 28. Qxd6 Re8 29. Rc1 Re7 30. Rc7 Rxc7 31. Qxc7+ Kf6 32.
Qxb7 Bd3 33. Qb6+ Kg5 34. Qc5+ Kh4 35. Qd4+ Kh5 36. Qxd3 g5 37. Qxh7# 1-0

[Event "*** MasterClass Titled Tuesday Blitz"]
[Site "Chess.com"]
[Date "2017.12.05"]
[Round "10"]
[White "Swarnapuri"]
[Black "HarutyunianTigranK"]
[Result "1-0"]
[WhiteElo "2415"]
[BlackElo "2520"]
[TimeControl "180+2"]
[EndTime "16:27:13 PST"]
[Termination "Swarnapuri won by resignation"]

1. d4 Nf6 2. Bf4 e6 3. e3 c5 4.
Nf3 b6 5. Nc3 cxd4 6. Nxd4 d6 7.
Qf3 d5 8. Bxb8 Rxb8 9. Nc6 Qc7 10. Nxb8 Qxb8 11. Bb5+ Bd7 12. O-O Bd6 13. Bxd7+ Nxd7 14.
h3 O-O 15. e4 d4 16. Nb5 Be5 17. c3 dxc3 18. Nxc3 Nc5 19. Rfd1 h6 20. Qe3 a5 21. Rab1 f5 22. exf5 Rxf5 23. Ne4 Bf4 24. Qd4 Rd5 25. Qc4 Qd8 26. Nc3 Rxd1+ 27. Rxd1 Qf6 28. Ne4 Nxe4 29. Qxe4 Be5 30. Re1 Bxb2 31. Qxe6+ Qxe6 32. Rxe6 Bd4 33. Re7 Bc5 34. Rb7 a4 35. Kf1 a3 36.
Ke2 Kh7 37. f4 Kg6 38. Kf3 Kf5 39. g4+ Kf6 40. h4 g6 41. Ke4 Ke6 42. g5 hxg5 43.
hxg5 Kd6 44. Rg7 Kc6 45. Rxg6+ Kb5 46. Kd3 1-0

[Event "*** MasterClass Titled Tuesday Blitz"]
[Site "Chess.com"]
[Date "2017.12.05"]
[Round "10"]
[White "Khamrakulov_Djurabek"]
[Black "JoachimBN"]
[Result "0-1"]
[WhiteElo "2631"]
[BlackElo "2561"]
[TimeControl "180+2"]
[EndTime "16:27:21 PST"]
[Termination "JoachimBN won by resignation"]

1. e4 g6 2. d4 Bg7 3. Bc4 c5 4. dxc5 Qa5+ 5. c3 Qxc5 6. Na3 a6 7. Nf3 d6 8. Qb3 e6 9. Be3 Qc7 10. O-O-O Nd7 11. Bxe6 Nc5 12. Bxc5 Bxe6 13. Bxd6 Bxb3 14. Bxc7 Bxd1 15. Rxd1 Rc8 16. Ba5 Nf6 17. Nd4 Ng4 18. f3 Nf2 19. Rd2 Bh6 20. Kc2 Bxd2 21. Kxd2 h5 22.
Bb4 b6 23. Nac2 Kd7 24. Ke2 Nh1 25. Kf1 a5 26. Ba3 Rce8 27. Kg1 f5 28. exf5 gxf5 29.
Kxh1 f4 30. Kg1 h4 31. h3 Rh7 32. Kf2 Rg7 33. b3 Rg6 34. Ne2 Rxg2+ 0-1

[Event "*** MasterClass Titled Tuesday Blitz"]
[Site "Chess.com"]
[Date "2017.12.05"]
[Round "10"]
[White "TheMagician"]
[Black "AbdAlAgathos"]
[Result "0-1"]
[WhiteElo "2158"]
[BlackElo "2308"]
[TimeControl "180+2"]
[EndTime "16:27:23 PST"]
[Termination "AbdAlAgathos won by resignation"]

1. d4 Nf6 2. Nf3 g6 3. c3 Bg7 4. Bf4 O-O 5. h3 b6 6. e3 Bb7 7. Bc4 d5 8. Bb3 c5 9. Nbd2 Nc6 10. Ne5 e6 11. Nxc6 Bxc6 12. O-O Nd7 13. Nf3 b5 14. Re1 a5 15. Bc2 a4 16. e4 cxd4 17.
Nxd4 Qb6 18. Nxc6 Qxc6 19. exd5 exd5 20. a3 Nb6 21. Bd3 Rad8 22. Re7 Nc4 23. Qe2 Qf6 24. Bc7 Rc8 25. Rd1 Nxb2 26. Re1 Qxc3 27. Bxb5 Rxc7 28. Re8 Rc8 29. Re3 Qc5 30. Rb1 Qc2 31. Qf1 Rb8 32.
Bd3 Nxd3 33. Rxb8 Rxb8 34. Qxd3 Qxd3 35. Rxd3 Rb3 36. Rxd5 Rxa3 37. Rd8+ Bf8 38. Ra8 Ra1+ 39. Kh2 a3 40. g3 Rc1 41. Kg2 Rc2 42. g4 a2 43. Kg3 Kg7 44. f4 Bb4 45. f5 Bc3 46. f6+ Bxf6 47. h4 a1=Q 48. Rxa1 Bxa1 49. g5 h6 50.
gxh6+ Kxh6 51. Kf4 f6 52. h5 Rc4+ 53. Ke3 Kxh5 54. Kd3 Rf4 55. Ke3 Be5 56. Ke2 g5 57. Ke3 g4 58. Ke2 g3 59. Kd3 g2 60. Ke2 g1=Q 61.
Kd3 Qg3+ 62. Ke2 Rf2+ 0-1

[Event "*** MasterClass Titled Tuesday Blitz"]
[Site "Chess.com"]
[Date "2017.12.05"]
[Round "10"]
[White "Sulvyfex"]
[Black "ppchess2017"]
[Result "0-1"]
[WhiteElo "1348"]
[BlackElo "1803"]
[TimeControl "180+2"]
[EndTime "16:27:44 PST"]
[Termination "ppchess2017 won by resignation"]

1. d4 d5 2. c4 c5 3. dxc5 d4 4.
Nf3 Nc6 5. e3 e5 6. exd4 exd4 7.
Bf4 Bxc5 8. Nbd2 Bf5 9. Be2 Nf6 10. O-O d3 11. Re1 dxe2 12. Rxe2+ Be6 13. Ng5 O-O 14. Nxe6 fxe6 15. Rxe6 Nd4 16. Re3 Nc6 17. Rc3 h5 18. a3 Ng4 19. Ne4 Qxd1+ 20. Rxd1 Nxf2 21. Nxf2 Rxf4 22. Rd2 Re8 23. Rc1 Ref8 24. Rf1 Rxf2 25. Rdxf2 Rxf2 26. Rxf2 Bxf2+ 27. Kxf2 Kf7 28. b4 Ke6 29. Ke3 Ke5 30. h3 Nd4 31. g4 Nc2+ 32. Kd3 Nxa3 33. Kc3 Nb1+ 34. Kc2 Na3+ 35. Kb3 Nb1 36. Kc2 Kd4 37. Kxb1 Kxc4 38. Kc2 Kxb4 39. gxh5 a5 40. Kb1 a4 41. h4 Kc3 42. Ka2 b5 43. Ka3 b4+ 44.
Ka2 b3+ 45. Kb1 a3 46. Ka1 Kc2 47. h6 gxh6 48. h5 b2+ 49. Ka2 b1=Q+ 50. Kxa3 0-1

[Event "*** MasterClass Titled Tuesday Blitz"]
[Site "Chess.com"]
[Date "2017.12.05"]
[Round "10"]
[White "MRniceplay"]
[Black "Al_Shima"]
[Result "0-1"]
[WhiteElo "2240"]
[BlackElo "2354"]
[TimeControl "180+2"]
[EndTime "16:28:00 PST"]
[Termination "Al_Shima won by resignation"]

1. e4 d5 2. exd5 Nf6 3. d4 Nxd5 4. c4 Nb6 5. Nc3 e5 6. d5 Bb4 7. a3 Bxc3+ 8. bxc3 c6 9. d6 c5 10. a4 O-O 11. a5 N6d7 12. Nf3 a6 13. Bd3 e4 14. Bxe4 Re8 15. Qe2 Nf6 16. Bg5 Bf5 17.
Bxf5 Rxe2+ 18. Kxe2 Qxd6 19. Rhd1 Qe7+ 20. Kf1 Nc6 21. Re1 Qc7 22. Bxf6 gxf6 23. g3 Nxa5 24. Re4 Nc6 25. Rh4 Ne5 26. Nd2 Ng6 27. Re4 Rd8 28.
Nf3 Qd6 29. Rae1 Qd3+ 30. Kg2 Qxc3 31. h4 Kg7 32. h5 Ne5 33. Nxe5 fxe5 34. Rxe5 Rd1 35. Rxd1 Qxe5 36. Rd5 Qc7 37. f4 b5 38.
Kf3 bxc4 39. g4 c3 40. g5 Qc6 41. Be4 Qxd5 42. h6+ Kf8 0-1

[Event "*** MasterClass Titled Tuesday Blitz"]
[Site "Chess.com"]
[Date "2017.12.05"]
[Round "10"]
[White "fredjust"]
[Black "GMKrikor"]
[Result "0-1"]
[WhiteElo "1721"]
[BlackElo "2618"]
[TimeControl "180+2"]
[EndTime "16:28:04 PST"]
[Termination "GMKrikor won on time"]

1. d4 Nf6 2. e3 g6 3. Bd3 Bg7 4. Nd2 O-O 5. c3 d6 6. Ngf3 Nbd7 7. O-O e5 8. dxe5 dxe5 9. Qc2 Nc5 10. Nxe5 Ng4 11.
Nxg4 Qxd3 12. Qxd3 Nxd3 13. h3 Rd8 14. Nb3 c5 15. Nh2 b6 16. Nf3 Be6 17. Ne1 Nxc1 18. Nxc1 Bc4 19. Nb3 a5 20. Nf3 Bxf1 21. Kxf1 a4 22.
Nc1 a3 23. b3 Bxc3 24. Rb1 Rd1+ 25. Ke2 Rad8 26. g4 Bb2 27. Rxb2 axb2 0-1

[Event "*** MasterClass Titled Tuesday Blitz"]
[Site "Chess.com"]
[Date "2017.12.05"]
[Round "10"]
[White "tigra"]
[Black "yurisolo"]
[Result "0-1"]
[WhiteElo "2644"]
[BlackElo "2527"]
[TimeControl "180+2"]
[EndTime "16:28:07 PST"]
[Termination "yurisolo won by resignation"]

1. e4 c5 2. Nf3 d6 3. d4 Nf6 4.
Nc3 cxd4 5. Nxd4 a6 6. Bg5 e6 7. f4 h6 8. Bh4 Qb6 9. a3 Be7 10. Bf2 Qc7 11. Qf3 Nbd7 12. O-O-O b5 13. g4 Bb7 14. Bg2 Rc8 15. h4 e5 16. Nf5 Bxe4 17. Qh3 Bxf5 18. gxf5 e4 19. Kb1 d5 20.
Bd4 O-O 21. Qg3 Nh5 22. Qg4 Ndf6 23. Qh3 Nxf4 24. Qh2 Bd6 25. Bxf6 Nh5 26. Qg1 Nxf6 27. Qf2 Bxa3 28. Nxd5 Nxd5 29. Rxd5 e3 30. Qe2 Bxb2 31. Kxb2 Qc3+ 32. Kb1 Rc4 33. Qxc4 bxc4 0-1

[Event "*** MasterClass Titled Tuesday Blitz"]
[Site "Chess.com"]
[Date "2017.12.05"]
[Round "10"]
[White "MITerryble"]
[Black "jcibarra"]
[Result "0-1"]
[WhiteElo "2657"]
[BlackElo "2691"]
[TimeControl "180+2"]
[EndTime "16:28:14 PST"]
[Termination "jcibarra won by resignation"]

1. d4 Nf6 2. Nf3 c5 3. d5 b5 4.
Bg5 Qb6 5. Bxf6 Qxf6 6. c3 d6 7. e4 a6 8. Be2 Nd7 9. Nbd2 g5 10.
O-O Rb8 11. a4 b4 12. Qc2 Bg7 13. Rfc1 g4 14. Ne1 Ne5 15. a5 h5 16. Nd3 Nxd3 17.
Bxd3 Bh6 18. Re1 h4 19. Nc4 Bf4 20. g3 hxg3 21. fxg3 Bxg3 22. hxg3 Qf3 23. Qg2 Qxd3 24. Nb6 Rh3 25. Rad1 Qxg3 26. e5 Qh4 27. exd6 Rg3 28. Rxe7+ Kf8 29. Rf1 Rxg2+ 30. Kxg2 Qh5 31. Rh1 Qg6 32.
Rh8+ Kg7 33. Rxc8 Qxd6 34. Rxf7+ Kxf7 0-1

[Event "*** MasterClass Titled Tuesday Blitz"]
[Site "Chess.com"]
[Date "2017.12.05"]
[Round "10"]
[White "1e41-0"]
[Black "ChessMavenYeti"]
[Result "1-0"]
[WhiteElo "2336"]
[BlackElo "2064"]
[TimeControl "180+2"]
[EndTime "16:28:18 PST"]
[Termination "1e41-0 won by checkmate"]

1. e4 e6 2. d4 d5 3. Nc3 Be7 4.
Nf3 Nf6 5. e5 Ne4 6. Bd3 Nxc3 7.
bxc3 c5 8. O-O c4 9. Be2 Qa5 10. Qe1 Bd7 11. Bg5 Bf8 12. Qd2 h6 13. Bh4 Ba4 14.
Rab1 Qc7 15. Ne1 Nc6 16. f4 Ne7 17. Bg4 Ng6 18. Bf2 Be7 19. f5 Nf8 20. Bg3 Bg5 21. Bf4 Bxf4 22. Qxf4 O-O-O 23. fxe6 fxe6 24. Qf7 Qxf7 25. Rxf7 Rd7 26. Rxf8+ Rxf8 27. Bxe6 Kc7 28. Bxd7 Bxd7 29.
Nf3 Bf5 30. Rc1 Be4 31. Kf2 g5 32. h3 h5 33. Kg3 Rg8 34. Nd2 Bh7 35. Nf1 g4 36. h4 Rf8 37. Ne3 Be4 38. Rf1 Rxf1 39.
Nxf1 Bxc2 40. Ne3 Be4 41. Kf4 a5 42. Kg5 a4 43. a3 b5 44. Kxh5 b4 45. cxb4 c3 46.
Kxg4 c2 47. Nxc2 Bxc2 48. Kg5 Kd7 49. Kf6 Be4 50. g4 Ke8 51. g5 Kf8 52. h5 Bd3 53. g6 Kg8 54. h6 Kh8 55. e6 Bb5 56. Kf7 Bd7 57. g7+ Kh7 58. g8=Q+ Kxh6 59. Qg6# 1-0

[Event "*** MasterClass Titled Tuesday Blitz"]
[Site "Chess.com"]
[Date "2017.12.05"]
[Round "10"]
[White "dusanacns"]
[Black "Msb2"]
[Result "0-1"]
[WhiteElo "2613"]
[BlackElo "2716"]
[TimeControl "180+2"]
[EndTime "16:28:19 PST"]
[Termination "Msb2 won by resignation"]

1. e4 e6 2. d4 d5 3. Nd2 c5 4.
Ngf3 cxd4 5. Nxd4 Nf6 6. exd5 Nxd5 7. N2f3 Bb4+ 8. Bd2 O-O 9. Be2 Qb6 10. c3 Bc5 11.
Qb3 Nc6 12. Qxb6 axb6 13. Nb3 e5 14. Nxc5 bxc5 15. Bb5 e4 16. Bxc6 bxc6 17. Ne5 Re8 18. Nc4 Ba6 19. Nd6 Re6 20. Nf5 g6 21. Ng3 f5 22. Ne2 Ree8 23. b3 Kf7 24. c4 Nc7 25. Be3 Ne6 26. O-O-O Red8 27. Rxd8 Rxd8 28. Rd1 Rxd1+ 29.
Kxd1 g5 30. g3 Kf6 31. Bc1 Ke5 32. Bb2+ Nd4 33. Kd2 f4 34. gxf4+ gxf4 35. Bc3 h5 36. h4 Bc8 37. a4 Bg4 38. Nc1 Kd6 39. a5 Nf3+ 40.
Kc2 Nxh4 41. a6 Bc8 42. a7 Bb7 43. Ne2 Ng6 44. Bd2 Ke5 45. b4 cxb4 46. Bxb4 c5 47. Bc3+ Kf5 48. Bd2 h4 49. Ng1 Kg4 50. Kb3 h3 51.
Nxh3 Kxh3 52. Ka4 Kg2 53. Kb5 Kxf2 54. Kxc5 e3 55. Bc3 e2 56. Kb6 Ba8 57. c5 e1=Q 58.
Bxe1+ Kxe1 59. c6 Ne7 60. c7 Nc8+ 0-1

[Event "*** MasterClass Titled Tuesday Blitz"]
[Site "Chess.com"]
[Date "2017.12.05"]
[Round "10"]
[White "Jahonas"]
[Black "oogee"]
[Result "0-1"]
[WhiteElo "2252"]
[BlackElo "2159"]
[TimeControl "180+2"]
[EndTime "16:28:22 PST"]
[Termination "oogee won by resignation"]

1. d4 Nf6 2. c4 g6 3. Nc3 Bg7 4. e4 d6 5. f3 O-O 6. Be3 c5 7. d5 e6 8. Nge2 exd5 9. cxd5 h5 10. h4 Nbd7 11. Bf2 Ne5 12. Nc1 Bh6 13. Nd3 Nc4 14. Nb1 Re8 15. Be2 Ne3 16. Bxe3 Bxe3 17. Nd2 b5 18.
Nf2 a6 19. Qc2 c4 20. Nf1 Bd4 21. Rd1 Qa5+ 22. Qd2 c3 23. Qxd4 c2+ 24. b4 cxd1=Q+ 25. Nxd1 Qd8 26. Nfe3 Nd7 27. f4 Nf6 28. Bf3 Bg4 29. e5 Bxf3 30. exf6 Bxg2 31. Rg1 Bf3 32. f5 Re4 33. Qd3 Qxf6 34. fxg6 fxg6 35. Rf1 Rae8 36.
Kd2 Rd4 0-1

[Event "*** MasterClass Titled Tuesday Blitz"]
[Site "Chess.com"]
[Date "2017.12.05"]
[Round "10"]
[White "kanachess88"]
[Black "pastouche06"]
[Result "0-1"]
[WhiteElo "2262"]
[BlackElo "2342"]
[TimeControl "180+2"]
[EndTime "16:28:24 PST"]
[Termination "pastouche06 won by resignation"]

1. e4 c6 2. d4 d5 3. Nc3 dxe4 4. Nxe4 Bf5 5. Ng3 Bg6 6. h4 h6 7. Nh3 Nf6 8. Nf4 Bh7 9. Bc4 e6 10. c3 Bd6 11. Ngh5 O-O 12. Be3 Nbd7 13. Nxf6+ Nxf6 14.
g4 Nd5 15. Nxd5 exd5 16. Bd3 Bxd3 17. Qxd3 Re8 18. O-O-O Qe7 19. Qd2 Qe4 20. Rhg1 Qf3 21. h5 f6 22. Kb1 Re4 23. a3 Rae8 24. Ka1 Rxg4 25. Bxh6 gxh6 26. Qxh6 Bf8 27. Qd2 Re2 28. Qc1 Kh7 29. Qb1+ f5 30. Rg3 Rxg3 31. fxg3 Bh6 32. Rf1 Rf2 33. Re1 Bg5 34. Ka2 Qxg3 35. Re5 Qf3 36. Qe1 Rf1 37. Re7+ Bxe7 38. Qxe7+ Kh6 39. Qxb7 Kxh5 40. Qxc6 f4 41. Qe8+ Kg4 42. Qg6+ Kh3 43. Qh6+ Kg2 44. Qg5+ Kf2 45. Qh4+ Qg3 46. Qh5 Rg1 47.
Qxd5 Qg8 48. Qxg8 Rxg8 49. d5 0-1

[Event "*** MasterClass Titled Tuesday Blitz"]
[Site "Chess.com"]
[Date "2017.12.05"]
[Round "10"]
[White "krzyzan94"]
[Black "OparinGrigoriy"]
[Result "0-1"]
[WhiteElo "2603"]
[BlackElo "2721"]
[TimeControl "180+2"]
[EndTime "16:28:35 PST"]
[Termination "OparinGrigoriy won by resignation"]

1. e4 c5 2. Nf3 Nc6 3. Bb5 g6 4. Bxc6 bxc6 5. O-O Bg7 6. Re1 Nh6 7. c3 O-O 8. h3 f6 9. d4 cxd4 10. cxd4 Nf7 11.
Nc3 d6 12. Be3 Qa5 13. Rc1 Bd7 14. b3 Rab8 15. Qd2 Rfc8 16. Qe2 Qd8 17. Nd2 a5 18.
f4 Rb4 19. Nc4 Be6 20. Nd2 h6 21. Nf3 g5 22. f5 Bd7 23. Red1 d5 24. exd5 Bxf5 25.
dxc6 Rxc6 26. d5 Rc8 27. Nd4 Bd7 28. Nc6 Bxc6 29. dxc6 Qe8 30. Nd5 Re4 31. c7 f5 32.
Qf2 f4 33. Ba7 Be5 34. Bb6 Bd6 35. Qf3 Re6 36. Qg4 Rg6 37. Re1 e6 38. Bxa5 Kh7 39.
Qd1 Qb5 40. Nb6 Rxc7 41. Rxc7 Bxc7 42. Qd7 Bxb6+ 0-1

[Event "*** MasterClass Titled Tuesday Blitz"]
[Site "Chess.com"]
[Date "2017.12.05"]
[Round "10"]
[White "nurmiTV"]
[Black "RookSacrifice_OLD"]
[Result "1-0"]
[WhiteElo "2457"]
[BlackElo "1838"]
[TimeControl "180+2"]
[EndTime "16:28:36 PST"]
[Termination "nurmiTV won by resignation"]

1. c3 d5 2. g3 e5 3. Bg2 Nf6 4.
d4 e4 5. c4 c6 6. Bg5 Nbd7 7.
Nc3 h6 8. Bxf6 Nxf6 9. e3 Bg4 10. Qb3 Qd7 11. h3 Be6 12. cxd5 Bxd5 13. Qc2 Qf5 14.
Nge2 h5 15. Nf4 Bd6 16. O-O-O O-O 17. Kb1 Rfc8 18. Qe2 Rab8 19. Rdg1 b5 20. g4 hxg4 21. hxg4 Qxg4 22. Ncxd5 cxd5 23. Qxg4 Nxg4 24. Nxd5 Nxf2 25. Rh5 g6 26. Bf1 Kf8 27. Rh7 Nd3 28. Be2 Be7 29.
Rh8+ Kg7 30. Rxc8 Rxc8 31. Nxe7 Rc7 32. Nd5 Rc4 33. Nf4 Rc6 34. Nxd3 exd3 35. Bxd3 Kf6 36. Bxb5 Re6 37. Rg3 Re4 38. Bd3 Rh4 39. a4 Rh2 40. a5 Ke6 41. Ka2 f5 42. Kb3 Kf6 43. Kc3 g5 44. Rf3 g4 45. Rxf5+ Kg6 46. Rf2+ Kh5 47. Rxh2+ 1-0

[Event "*** MasterClass Titled Tuesday Blitz"]
[Site "Chess.com"]
[Date "2017.12.05"]
[Round "10"]
[White "AndrBaryshpolets"]
[Black "Sam_ChessMood"]
[Result "1-0"]
[WhiteElo "2514"]
[BlackElo "2606"]
[TimeControl "180+2"]
[EndTime "16:28:37 PST"]
[Termination "AndrBaryshpolets won by resignation"]

1. d4 d5 2. c4 c6 3. Nf3 Nf6 4. Nc3 e6 5. Bg5 Nbd7 6. e3 h6 7. Bh4 g5 8. Bg3 Nh5 9. Be5 Nhf6 10.
Bg3 Nh5 11. cxd5 Nxg3 12. hxg3 cxd5 13. Rc1 Bg7 14. Bd3 a6 15. O-O O-O 16. g4 b5 17.
Ne2 Bb7 18. Ng3 Nf6 19. Ne5 Ne4 20. Nh5 Rc8 21. f3 Nd6 22. Bb1 Rxc1 23. Qxc1 Nc4 24. f4 Bh8 25. f5 Nxe5 26. dxe5 exf5 27. Rxf5 Bc8 28. Rf6 Bxf6 29. Nxf6+ Kg7 30. Nh5+ Kg8 31. Qc2 f5 32. exf6 Qd7 33. Qg6+ Kh8 34. Qxh6+ Kg8 35. Qg6+ Kh8 36. Bf5 Qc7 37. Qg7+ 1-0

[Event "*** MasterClass Titled Tuesday Blitz"]
[Site "Chess.com"]
[Date "2017.12.05"]
[Round "10"]
[White "Blitzstream"]
[Black "Alexander_Moskalenko"]
[Result "0-1"]
[WhiteElo "2562"]
[BlackElo "2755"]
[TimeControl "180+2"]
[EndTime "16:28:40 PST"]
[Termination "Alexander_Moskalenko won on time"]

1. g4 d6 2. Bg2 c6 3. g5 g6 4. h4 h6 5. d4 hxg5 6. hxg5 Bg7 7. c4 Rxh1 8. Bxh1 Bf5 9. Nc3 a5 10. e3 Na6 11. a3 e5 12. Nge2 Qxg5 13. Qb3 Qe7 14.
Bd2 Nf6 15. O-O-O Kf8 16. Ng3 Be6 17. f4 exf4 18. exf4 b5 19. Nxb5 cxb5 20. Bxa8 Bxc4 21. Qe3 Qc7 22. Kb1 Qb8 23. Bf3 b4 24. axb4 Nxb4 25. Bxb4 Qxb4 26. Qc3 Qb5 27. Rc1 d5 28. Rc2 Bh6 29.
Be2 Bxf4 30. Bxc4 dxc4 31. Ne2 Nd5 32. Qxc4 Qxc4 33. Rxc4 Bd6 34. Nc3 Ne3 35. Rc6 Bb4 36. Ne4 f5 37. Ng5 Kg7 38. Ne6+ Kh6 39. Nf4 Kg5 40.
Nxg6 f4 41. Ne5 Kf5 42. Rc8 Ke4 43. Re8 Kxd4 44. Nf3+ Kd3 0-1

[Event "*** MasterClass Titled Tuesday Blitz"]
[Site "Chess.com"]
[Date "2017.12.05"]
[Round "10"]
[White "Vojtastr"]
[Black "LuisFSiles"]
[Result "1-0"]
[WhiteElo "2399"]
[BlackElo "2215"]
[TimeControl "180+2"]
[EndTime "16:28:40 PST"]
[Termination "Vojtastr won by resignation"]

1. d4 Nf6 2. Nf3 g6 3. c4 Bg7 4.
Nc3 O-O 5. e4 d6 6. Be2 c5 7. d5 e6 8. O-O Na6 9. h3 Nc7 10. Bg5 exd5 11. exd5 h6 12. Bh4 a6 13. a4 Bf5 14. Nd2 Re8 15. g4 Bc8 16. Bd3 Qe7 17. Qc2 Qf8 18. Rae1 Bd7 19. a5 Rxe1 20. Rxe1 Re8 21.
Rxe8 Qxe8 22. Nde4 Nxe4 23. Nxe4 Be5 24. Nf6+ Bxf6 25.
Bxf6 Qe1+ 26. Kg2 Ne8 27. Bc3 Qe7 28. Qe2 Qxe2 29. Bxe2 f5 30. Kg3 Kf7 31. f3 fxg4 32. hxg4 Nf6 33. Bd3 g5 34. Bd2 Ne8 35. Kg2 Kf6 36.
Bc3+ Kf7 37. b4 cxb4 38. Bxb4 Kf6 39. Kg3 Bc8 40. c5 dxc5 41. Bxc5 Nc7 42. d6 Ne6 43. Bb4 Ke5 44. Bf5 Bd7 45. Kf2 Bc6 46. Ke3 Bd7 47. Be4 Bc6 48. Bf5 Bd7 49. Be4 Bc8 50. d7 Bxd7 51. Bxb7 Bb5 52. Bc3+ Kd6 53. Bf6 Kd7 54. Be4 Kd6 55. Bf5 Bc4 56. Kd2 Bd5 57. Ke3 Bb7 58. Bd3 Nc5 59. Bc4 Ne6 60. Kf2 Bd5 61. Bxa6 Nd4 62. Bxd4 1-0

[Event "*** MasterClass Titled Tuesday Blitz"]
[Site "Chess.com"]
[Date "2017.12.05"]
[Round "10"]
[White "saraswathii"]
[Black "toad"]
[Result "0-1"]
[WhiteElo "2282"]
[BlackElo "2178"]
[TimeControl "180+2"]
[EndTime "16:28:43 PST"]
[Termination "toad won by resignation"]

1. d4 Nf6 2. Bf4 g6 3. e3 Bg7 4. Nf3 d5 5. Be2 O-O 6. h3 c5 7. c3 b6 8. O-O Bb7 9. Nbd2 Nc6 10. Re1 Nd7 11. Bg3 e5 12. dxe5 Ncxe5 13. Nxe5 Nxe5 14. Nf3 Nc4 15. Qc2 Re8 16. Rad1 Nd6 17. c4 Ne4 18.
Bh2 d4 19. exd4 cxd4 20. Bd3 Nc5 21. Rxe8+ Qxe8 22. b4 Nxd3 23. Qxd3 Bxf3 24. Qxf3 Rc8 25. Qd3 Qe6 26. Rc1 Bh6 27. f4 Qe7 28. Qxd4 Qxb4 29. Bg3 b5 30. Qd7 Rxc4 31. Re1 Bxf4 32. Bh4 Bc7 33. Rf1 Qc5+ 34. Kh1 Rf4 35. Qc8+ Kg7 36. Rxf4 Qc1+ 0-1

[Event "*** MasterClass Titled Tuesday Blitz"]
[Site "Chess.com"]
[Date "2017.12.05"]
[Round "10"]
[White "Angry_Serb"]
[Black "Korchmar_Vasiliy"]
[Result "1-0"]
[WhiteElo "2358"]
[BlackElo "2500"]
[TimeControl "180+2"]
[EndTime "16:28:49 PST"]
[Termination "Angry_Serb won on time"]

1. Nf3 d5 2. g3 g6 3. Bg2 Bg7 4. d4 Nf6 5. O-O O-O 6. Be3 Bf5 7. Qc1 Re8 8. Nbd2 Nbd7 9. c4 c5 10. dxc5 Rc8 11. Nb3 Ng4 12. cxd5 Nxe3 13. Qxe3 Bxb2 14. Rad1 Bg7 15. Nfd4 Nf6 16. Nxf5 gxf5 17. Qf4 Qd7 18. Rd3 Ng4 19. Bh3 Bh6 20. Qb4 Ne5 21. Rdd1 Ng4 22. e4 Qc7 23. exf5 Nf6 24. Rfe1 Rcd8 25. Bg2 Qc8 26. d6 Qxf5 27. Qxb7 Ng4 28. Qf3 Qg6 29. d7 Rf8 30. c6 Nf6 31. Nc5 Qc2 32. Nb7 Rb8 33.
d8=Q Rfxd8 34. Rxd8+ Rxd8 35. Nxd8 Bd2 36. Rd1 Ba5 37.
Qd3 Qc5 38. Nb7 Qb6 39. Nxa5 Qxa5 40. Qd8+ 1-0

[Event "*** MasterClass Titled Tuesday Blitz"]
[Site "Chess.com"]
[Date "2017.12.05"]
[Round "10"]
[White "wanyaland"]
[Black "Blitz-rider"]
[Result "1-0"]
[WhiteElo "2226"]
[BlackElo "1969"]
[TimeControl "180+2"]
[EndTime "16:28:49 PST"]
[Termination "wanyaland won on time"]

1. d4 Nf6 2. c4 g6 3. Nc3 Bg7 4. e4 d6 5. Nf3 O-O 6. Be2 e5 7. O-O Nc6 8. d5 Ne7 9. Ne1 a6 10. Be3 c5 11. dxc6 Nxc6 12. f3 Nh5 13. Qd2 f5 14.
Nc2 Rf7 15. Rfd1 Bf8 16. Bf1 Qh4 17. Qf2 Qf6 18. Nd5 Qd8 19. Bb6 Qg5 20. Nc7 Rb8 21.
exf5 gxf5 22. Kh1 Nf4 23. Ne3 Nd4 24. Bxd4 exd4 25. Ned5 Nxd5 26. Nxd5 Be6 27. Rxd4 Bxd5 28. Rxd5 Rc8 29. Rad1 1-0

[Event "*** MasterClass Titled Tuesday Blitz"]
[Site "Chess.com"]
[Date "2017.12.05"]
[Round "10"]
[White "calemcc"]
[Black "Scott-fox21"]
[Result "1-0"]
[WhiteElo "2265"]
[BlackElo "2184"]
[TimeControl "180+2"]
[EndTime "16:28:53 PST"]
[Termination "calemcc won by resignation"]

1. d4 d5 2. c4 e6 3. Nc3 c6 4. e3 Nf6 5. Nf3 a6 6. Bd3 c5 7. cxd5 exd5 8. O-O Nc6 9. dxc5 Bxc5 10.
Ne2 O-O 11. Ned4 Bg4 12. Be2 Bxf3 13. Nxf3 d4 14. exd4 Nxd4 15. Bc4 Ng4 16. Bg5 Nxf3+ 17. gxf3 Nxf2 18. Qxd8 Raxd8 19. Bxd8 Nh3+ 20. Kg2 Nf4+ 21. Kg3 Nh5+ 22. Kh4 Rxd8 23. Kxh5 Rd4 24. f4 Rxc4 25. Rac1 g6+ 26. Kg4 h5+ 27. Kf3 Rxc1 28. Rxc1 b6 29. Ke4 Kg7 30. a3 a5 31. Kd5 Kf6 32. Rc4 Kf5 33.
b4 axb4 34. axb4 Be3 35. Kc6 h4 36. h3 f6 37. b5 Bxf4 38. Kxb6 Be3+ 39. Kc6 g5 40. b6 Bf4 41. Rxf4+ gxf4 42. b7 f3 43. b8=Q Ke4 44. Qb2 Ke3 45. Qc1+ Kf2 46. Kd5 Kg2 47. Ke6 f2 48. Qc6+ Kg1 49. Qc5 Kg2 50. Qd5+ Kg1 51. Qd4 Kg2 52. Qe4+ Kg1 53. Qe3 Kg2 54. Qe2 Kg1 55.
Qg4+ Kh1 56. Qf3+ Kg1 57. Kxf6 f1=Q 58. Qxf1+ Kxf1 59. Kg5 Ke2 60. Kxh4 Kd3 61. Kg5 Kd4 62. h4 Kd5 63. h5 Ke6 64. Kg6 Ke7 65. Kg7 Ke8 66. h6 1-0

[Event "*** MasterClass Titled Tuesday Blitz"]
[Site "Chess.com"]
[Date "2017.12.05"]
[Round "10"]
[White "ChessQueen"]
[Black "Winehouse83"]
[Result "1-0"]
[WhiteElo "2587"]
[BlackElo "2393"]
[TimeControl "180+2"]
[EndTime "16:28:58 PST"]
[Termination "ChessQueen won by resignation"]

1. d4 Nf6 2. Nf3 g6 3. g3 Bg7 4. Bg2 O-O 5. O-O d6 6. c4 Nbd7 7. Nc3 e5 8. dxe5 dxe5 9. Qc2 c6 10. Rd1 Qe7 11. e4 a5 12. b3 Nc5 13. Ba3 Nfd7 14. Na4 Re8 15. Rxd7 Qxd7 16. Bxc5 Qc7 17. Rd1 b5 18.
Bd6 Qa7 19. Nb2 Bg4 20. h3 Bxf3 21. Bxf3 Rad8 22. c5 Bf8 23. Bxf8 Rxf8 24. Nd3 Qe7 25. Qc3 f6 26. Qxa5 Rd4 27. Qc3 Rfd8 28. Nb2 Qd7 29.
Kg2 Rxd1 30. Nxd1 Qd2 31. Qxd2 Rxd2 32. a4 bxa4 33. bxa4 Ra2 34. Nc3 Ra3 35. Nd5 cxd5 36. exd5 Rxa4 37. d6 Kf8 38. c6 Rc4 39. Bd5 Rc5 40.
c7 Ke8 41. Be6 1-0